 Dungeon Crawl Stone Soup version 0.20.0-7-g3b7b877 (webtiles) character file.

46 Rim the Skirmisher (level 3, -2/27 HPs)
             Began as an Octopode Fighter on May 29, 2017.
             Slain by a water moccasin (6 damage)
             ... on level 3 of the Dungeon.
             The game lasted 00:04:13 (1765 turns).

Rim the Skirmisher (Octopode Fighter)               Turns: 1765, Time: 00:04:14

Health: -2/27      AC:  1    Str: 15    XL:     3   Next: 66%
Magic:  3/3        EV: 11    Int: 10    God:
Gold:   128        SH:  8    Dex: 12    Spells: 2/2 levels left

rFire    . . .     SeeInvis .   a - +0 trident
rCold    . . .     Gourm    .   b - +0 shield
rNeg     . . .     Faith    .   (helmet restricted)
rPois    .         Spirit   .   (no amulet)
rElec    .         Reflect  .   k - ring of flight
rCorr    .         Harm     .   (no ring)
MR       .....                  (no ring)
Stlth    ++........             (no ring)
Regen    0.1/turn               (no ring)
MPRegen  0.1/turn               (no ring)
                                (no ring)
                                (no ring)

@: lethally poisoned (-2 -> -8)
A: almost no armour, stealthy swim, amphibious, 8 rings, constrict 8, camouflage
1, gelatinous body 1
a: Evoke Flight


You were on level 3 of the Dungeon.
You were not hungry.

You visited 1 branch of the dungeon, and saw 3 of its levels.

You collected 128 gold pieces.

Inventory:

Hand Weapons
 a - a +0 trident (weapon)
Armour
 b - a +0 shield (worn)
Jewellery
 k - a ring of flight (left tentacle)
 l - an uncursed ring of ice
Scrolls
 e - a scroll of amnesia {unknown}
 g - 5 scrolls of identify {unknown}
 h - a scroll of fear {unknown}
 j - 2 scrolls of fog {unknown}
 r - a scroll of random uselessness {unknown}
 t - a scroll of recharging {unknown}
Potions
 c - a potion of might
 f - a potion of cancellation {unknown}
 i - a potion of haste {unknown}
 n - a potion of curing {unknown}
 o - a potion of agility {unknown}
 s - a potion of brilliance {unknown}
Books
 q - a book of Misfortune

   Spells                             Type                      Level
   a - Confusing Touch                Hexes                        1
   b - Confuse                        Hexes                        3
   c - Gell's Gravitas                Translocation                3
   d - Petrify                        Transmutation/Earth          4
   e - Metabolic Englaciation         Hexes/Ice                    5
   f - Yara's Violent Unravelling     Hexes/Transmutation          5
Comestibles
 d - 2 bread rations
 m - a meat ration
 p - 3 chunks of flesh


   Skills:
 + Level 3.7 Fighting
 * Level 3.1 Polearms
 - Level 3.0 Dodging
 - Level 3.0 Shields


You had 2 spell levels left.
You didn't know any spells.

Dungeon Overview and Level Annotations

Branches:
Dungeon (3/15)

Altars:

Annotations:
D:2 Sigmund


Innate Abilities, Weirdness & Mutations

You cannot wear most types of armour.
You are very stealthy in the water. (Stealth+)
You are amphibious.
You can wear up to eight rings at the same time.
You can use your tentacles to constrict eight enemies at once.
Your skin changes colour to match your surroundings (Stealth+).
Your rubbery body absorbs attacks. (AC +1, EV +1)


Message History

The water moccasin is lightly wounded.
You feel sick. The water moccasin bites you.
* * * LOW HITPOINT WARNING * * *
You block the water moccasin's attack.
You closely miss the water moccasin. You grab the water moccasin.
The water moccasin is lightly wounded.
You constrict the water moccasin, but do no damage.
* * * LOW HITPOINT WARNING * * *
You feel sick. The water moccasin closely misses you.
You hit the water moccasin.
The water moccasin is moderately wounded.
You constrict the water moccasin.
* * * LOW HITPOINT WARNING * * *
You feel sick.
The water moccasin bites you but does no damage.
You block the water moccasin's attack.
You puncture the water moccasin!
The water moccasin is severely wounded.
You constrict the water moccasin. The water moccasin bites you.
You die...

......##.......#
......##.......#
####'####......#
#.# #......# #.#
#..##### #.#
#..# #.# ... #.#
#..##########
#.#
#.>...S@....#
#.#
###########.#
#.# #.# #.# #.#
#.# ##########.#
#.# #..........#
#.# #.##########
#)# #.# #.# #.#


You could see a water moccasin.

Vanquished Creatures
  2 adders (D:3)
  A worm (D:2)
  2 ball pythons (D:3)
  4 bats
  2 giant cockroaches (D:3)
  3 goblins
  3 hobgoblins
  A quokka (D:3)
  3 frilled lizards
  3 kobolds
  3 rats
27 creatures vanquished.

Notes
Turn   | Place    | Note
-------+----------+-------------------------------------------
     0 | D:1      | Rim the Octopode Fighter began the quest for the Orb.
     0 | D:1      | Reached XP level 1. HP: 16/16 MP: 1/1
     4 | D:1      | Noticed a minotaur zombie
   264 | D:1      | Reached XP level 2. HP: 21/21 MP: 2/2
   773 | D:2      | Noticed Sigmund
  1135 | D:3      | Reached XP level 3. HP: 20/26 MP: 3/3
  1756 | D:3      | Noticed a water moccasin
  1765 | D:3      | Slain by a water moccasin

Skill      XL: |  1  2  3 |
---------------+----------+-----
Polearms       | 3 |  3.1
Fighting       | |  3.7
Dodging        | |  3.0
Shields        | |  3.0

Action                   || total
-------------------------++-------
Melee: Trident           ||    66
       Tentacles         ||    10
       Constrict         ||    12
 Stab: Sleeping          ||    10
  Eat: Chunk             ||     3
Armor: Skin              ||     3
Dodge: Dodged            ||    24
Block: Shield            ||    12
